 Dungeon Crawl Stone Soup version 0.29.1-12-g30fa7ad0bf (webtiles) character file.

Game seed: 3439211577372057290

65 concernfroge the Trooper (level 3, -11/19 HPs)
             Began as a Felid Transmuter on Jan 14, 2023.
             Killed by divine providence
             ... invoked by an orc priest
              (15 damage)
             ... on level 3 of the Dungeon.
             The game lasted 00:11:33 (2691 turns).

concernfroge the Trooper (Felid Transmuter)         Turns: 2691, Time: 00:11:34

Health: -11/19     AC:  1    Str:  6    XL:     3   Next: 92%
Magic:  6/7        EV: 18    Int: 14    God:
Gold:   110        SH:  0    Dex: 24    Spells: 5/6 levels left
                                        Lives:  0   Deaths: 1

rFire   . . .      SeeInvis +     - Unarmed
rCold   . . .      Faith    .   (shield unavailable)
rNeg    . . .      Spirit   .   (body armour unavailable)
rPois   .          Reflect  .   (helmet unavailable)
rElec   .          Harm     .   (cloak unavailable)
rCorr   .          Rampage  .   (gloves unavailable)
Will    .....                   (boots unavailable)
Stlth   ++........              (no amulet)
HPRegen 0.06/turn               a - +6 ring of dexterity
MPRegen 0.10/turn               (no ring)

@: appendages (expiring), quick
A: horns 2, very small, claws 1, fangs 3, see invisible, speed 1, shaggy fur 1,
stealthy paws, no weapons or thrown items, no armour, multi-lived
a: End Transformation


You were on level 3 of the Dungeon.
You had temporarily grown beastly horns.
You visited 1 branch of the dungeon, and saw 3 of its levels.

You collected 110 gold pieces.

Inventory:

Jewellery
 a - a +6 ring of dexterity (left paw)
 k - a +6 ring of dexterity
Wands
 h - a wand of mindburst (21)
Scrolls
 b - 2 scrolls of identify {unknown}
 c - a scroll of enchant armour {unknown}
 f - a scroll of teleportation {unknown}
 i - a scroll of noise {unknown}
Potions
 d - a potion of haste {unknown}
 g - a potion of berserk rage {unknown}
 j - a potion of curing {unknown}


   Skills:
 + Level 4.8 Fighting
 - Level 2.6 Dodging
 - Level 3.0 Unarmed Combat
 - Level 2.0 Spellcasting
 - Level 2.1 Transmutations


You had 5 spell levels left.
You knew the following spells:

 Your Spells              Type           Power      Damage    Failure   Level
a - Beastly Appendage     Tmut           14%        N/A       10%         1

Your spell library contained the following spells:

 Spells                   Type           Power      Damage    Failure   Level
 Wereblood                Tmut           7%         N/A       14%         2
 Foxfire                  Conj/Fire      4%         2x1d4     24%         1
 Slow                     Hex            4%         N/A       24%         1
 Spider Form              Tmut/Pois      4%         N/A       41%         3
 Confusing Touch          Hex            1%         N/A       56%         3
 Conjure Flame            Conj/Fire      1%         6-21      56%         3
 Inner Flame              Hex/Fire       1%         N/A       56%         3
 Vampiric Draining        Necr           1%         2d6       56%         3
 Ice Form                 Ice/Tmut       4%         N/A       83%         4
 Flame Wave               Conj/Fire      1%         2d4       93%         4


Dungeon Overview and Level Annotations

Branches:
Dungeon (3/15)

Altars:
Kikubaaqudgha


Innate Abilities, Weirdness & Mutations

You have temporarily grown beastly horns.
You have sharp claws.
You have razor-sharp teeth.
You have supernaturally acute eyesight. (SInv)
You cover ground quickly. (Speed+)
You are covered in fur. (AC +1)
Your paws help you pounce on unaware monsters.
You are incapable of wielding weapons or throwing items.
You cannot wear armour.
You gain extra lives every three experience levels.


Message History

Your transformation is almost over.
You see here 8 stones.
You now have 110 gold pieces (gained 12).
c - a scroll labelled QOLORUI OPHU Your horns disappear.
A gnoll comes into view. It is wielding a +0 club.
Aiming: Mindburst
Press: ? - help, Shift-Dir - straight line, f - gnoll
Aim: a gnoll, wielding a +0 club (wandering, hasn't noticed you, chance to affect: 72%)
The gnoll shouts!
The gnoll's mind is blasted!
Casting: Beastly Appendage (safe; 10% risk of failure)
Confirm with . or Enter, or press ? or * to list all spells.
You grow a pair of large bovine horns.
The gnoll hits you with a +0 club.
You closely miss the gnoll.
The orc priest shouts!
You headbutt the gnoll, but do no damage.
The gnoll is heavily wounded.
The gnoll completely misses you.
You scratch the gnoll but do no damage.
The gnoll is heavily wounded.
The gnoll misses you.
You scratch the gnoll.
The gnoll is severely wounded.
The gnoll misses you.
The orc priest mumbles some strange prayers to Beogh against you.
Beogh smites you!
Ouch! That really hurt!
* * * LOW HITPOINT WARNING * * *
Your transformation is almost over.
Aiming: Mindburst
Press: ? - help, Shift-Dir - straight line, f/p - gnoll
Aim: a gnoll, wielding a +0 club (severely wounded, chance to affect: 72%)
The gnoll's mind is blasted!
You blow up the gnoll!
The orc priest invokes the aid of Beogh against you.
Beogh smites you!
Ouch! That really hurt!
You die...

##.### ....♣♣ ♣♣♣♣♣♣ .....###
♣♣♣♣♣ ##.##..### .#.......#
#[..##.#.# #####.†..##
#.....#...###################
#.###............(...........
##.#........@.###########
#.#..#######.# #.#..# #)#
##.#..# ###.### #..#..#
#...o.########## #.##..#
#.#.#.o...o...r# #.##..#
........########†# #)##..#
.##.#.#.# #..... ... #
#.....# ######


You could see an orc priest.

Vanquished Creatures
  An orc priest (D:3)
  A gnoll (D:3)
  4 adders (D:2)
  An ufetubus (D:3)
  3 worms
  2 dart slugs
  7 orcs (D:3)
  3 endoplasms
  2 giant cockroaches
  4 goblins
  A hobgoblin (D:2)
  2 kobolds (D:2)
  2 quokkas (D:3)
  4 ball pythons
  4 bats
  3 frilled lizards
  4 rats
  2 bushes (D:2)
50 creatures vanquished.

Vanquished Creatures (others)
  5 plants (D:2)
5 creatures vanquished.

Grand Total: 55 creatures vanquished

Notes
Turn   | Place    | Note
-------+----------+-------------------------------------------
     0 | D:1      | concernfroge the Felid Transmuter began the quest for the
                  | Orb.
     0 | D:1      | Reached XP level 1. HP: 9/9 MP: 4/4
   192 | D:2      | Reached skill level 2 in Fighting
   192 | D:2      | Reached XP level 2. HP: 6/13 MP: 4/6
   210 | D:2      | Identified the +7 short sword of the Briny Deep {vorpal,
                  | Int+3}
   711 | D:3      | Reached skill level 3 in Fighting
   740 | D:3      | Reached XP level 3. HP: 11/17 MP: 7/7
   795 | D:3      | Reached XP level 4. HP: 8/22 MP: 6/8
  1062 | D:3      | Reached skill level 4 in Fighting
  2036 | D:2      | Found an ancient bone altar of Kikubaaqudgha.
  2614 | D:3      | HP: 1/22 [orc priest/divine providence (12)]
  2631 | D:3      | Slain by a rat
  2632 | D:3      | Reached XP level 3. HP: 0/19 MP: 7/7
  2691 | D:3      | Killed from afar by an orc priest

Illustrated notes

Levels and vault maps discovered:
D:1:      minmay_arrival_shoal_huts, layout_rooms,
          hellmonk_ecumenical_altar_pennies_from_heaven
D:2:      minmay_chambers_of_ones, layout_rooms, serial_forest,
          infiniplex_forest_clump_double, infiniplex_forest_lined_ring,
          infiniplex_forest_straight_2, infiniplex_forest_clump_diagonal,
          infiniplex_forest_clump_curved, infiniplex_forest_end_1,
          infiniplex_forest_lined_3, infiniplex_forest_end_2, basic_altar,
          ebering_dispersal_statue_hall
D:3:      kb_forest_paths, layout_loops_ring

Skill      XL: |  1  2  3  4 |
---------------+-------------+-----
Fighting       | 2 3 4 |  4.8
Dodging        | |  2.6
Unarmed Combat | |  3.0
Spellcasting   | |  2.0
Transmutations | |  2.1

Action                   |  1- 3 |  4- 6 || total
-------------------------+-------+-------++-------
Melee: Unarmed           |    75 |   333 ||   408
       Headbutt          |    12 |    36 ||    48
       Bite              |     6 |    70 ||    76
       Punch             |     3 |    13 ||    16
 Cast: Beastly Appendage |    12 |    17 ||    29
Evoke: Wand              |     2 |       ||     2
  Use: Potion            |     1 |       ||     1
       Scroll            |       |     2 ||     2
 Stab: Sleeping          |     2 |     2 ||     4
Armor: Skin              |     4 |     3 ||     7
Dodge: Dodged            |    48 |    57 ||   105
